AoeStats
← mryendl2410

Arena

509082174Analyzed
4v4 RM · 7d ago on Sep 25, 2026· 32m 17s· 8 players
Game mode
Random Map
Map size
Large (8 player)
Population
200
Speed
Normal
Resources
Standard
Victory
Conquest
Starting age
Dark Age
Ending age
Imperial Age
RankedLock teamsTeams togetherTeam positionsShared explorationLock speedFull tech treeHidden civsTurbo modeCheats
Victory
Defeat
🇹🇼 Cumans · Taiwan
1431
+14
🇻🇳 Italians · Vietnam
1420
+14
🇹🇼 Aztecs · Taiwan
1407
+15
🇭🇰 Saracens · Hong Kong SAR China
1400
+15
🇩🇪 Celts · Germany
1430
-16
🇳🇴 Danes · Norway
1389
-15
🇸🇪 Varangians · Sweden
1373
-14
🇭🇰 Sicilians · Hong Kong SAR China
1345
-13
Marchantia
8:45 Feudal Age
9:31 Double-Bit Axe
10:07 Horse Collar
14:38 Wheelbarrow
20:10 Castle Age
18:08 Gold Mining
19:05 Bloodlines
19:02 Scale Barding Armor
20:15 Forging
21:17 Bow Saw
21:10 Heavy Plow
21:43 Chain Barding Armor
25:28 Iron Casting
25:59 Hand Cart
32:25 Imperial Age
30:59 Scale Mail Armor
31:24 Squires
31:09 Arson
33:02 Chain Mail Armor
屁屁寶寶
9:45 Feudal Age
10:32 Double-Bit Axe
12:17 Scale Mail Armor
15:15 Castle Age
13:44 Gold Mining
14:42 Forging
14:32 Scale Mail Armor
15:17 Loom
17:17 Wheelbarrow
17:09 Bow Saw
17:12 Fervor
16:59 Horse Collar
18:24 Gold Shaft Mining
18:10 Heavy Plow
21:34 Squires
23:06 Town Watch
24:38 Scale Mail Armor
25:40 Chain Mail Armor
24:48 Man-at-Arms
25:14 Gambesons
26:48 Iron Casting
27:10 Fletching
27:56 Padded Archer Armor
27:49 Elite Skirmisher
28:26 Stone Mining
29:07 Sanctity
29:36 Bodkin Arrow
30:02 Long Swordsman
34:11 Imperial Age
32:00 Atonement
mryendl2410
10:59 Feudal Age
15:52 Castle Age
14:11 Double-Bit Axe
14:10 Horse Collar
14:20 Gold Mining
21:41 Imperial Age
19:54 Fletching
21:12 Bodkin Arrow
29:17 Ballistics
31:52 Bracer
The Crusades Crusader
10:35 Feudal Age
14:17 Castle Age
12:13 Double-Bit Axe
13:08 Horse Collar
15:35 Bow Saw
21:07 Wheelbarrow
21:12 Heavy Plow
21:06 Stone Mining
21:53 Loom
22:37 Gold Mining
25:54 Scale Barding Armor
25:53 Town Watch
29:27 Imperial Age
27:14 Hand Cart
28:09 Gold Shaft Mining
28:26 Forging
29:01 Bloodlines
30:04 Chain Barding Armor
31:20 Iron Casting
31:10 Conscription
33:20 Two-Man Saw
33:25 Blast Furnace
32:50 Husbandry
EVA_Rinocherino
9:52 Feudal Age
13:34 Castle Age
11:39 Double-Bit Axe
13:01 Horse Collar
14:31 Bow Saw
16:08 Town Watch
16:28 Loom
19:17 Gold Mining
26:06 Imperial Age
23:55 Stone Mining
24:38 Fletching
25:28 Masonry
26:22 Cranequins
26:26 Elite Skirmisher
ManWithScarf
10:42 Feudal Age
14:27 Castle Age
13:32 Loom
13:33 Horse Collar
13:39 Double-Bit Axe
22:12 Bow Saw
24:53 Scale Mail Armor
25:25 Forging
27:12 Wheelbarrow
26:22 Town Watch
27:39 Chain Mail Armor
28:47 Iron Casting
33:08 Imperial Age
32:24 Fletching
Pxlgun
10:17 Feudal Age
10:44 Feudal Age
11:58 Double-Bit Axe
14:46 Castle Age
12:46 Horse Collar
14:26 Loom
15:37 Heavy Plow
15:51 Bow Saw
16:56 Wheelbarrow
24:43 Hand Cart
24:18 Town Watch
27:46 Imperial Age
25:52 Forging
26:10 Pikeman
26:35 Arson
27:18 Scale Mail Armor
27:53 Iron Casting
28:56 Chain Mail Armor
28:15 Halberdier
28:31 Capped Ram
32:36 Plate Mail Armor
动车的车头
10:42 Feudal Age
14:25 Castle Age
12:22 Double-Bit Axe
12:49 Horse Collar
21:03 Wheelbarrow
21:49 Bow Saw
22:44 Heavy Plow
23:55 Hand Cart
28:10 Imperial Age
25:43 Padded Archer Armor
25:45 Fletching
26:00 Loom
26:28 Masonry
26:29 Bodkin Arrow
26:34 Padded Archer Armor
27:48 Ballistics
27:04 Pikeman
27:44 Squires
27:30 Arson
27:46 Scale Mail Armor
29:20 Chain Mail Armor
29:15 Forging
29:11 Bracer
31:17 Chemistry
30:35 Murder Holes
30:20 Halberdier
31:41 Plate Mail Armor
31:46 Iron Casting
31:59 Arrowslits
32:02 Elite Serjeant
Connection lost

Rejoining the realm…

Still unreachable

The connection could not be restored.

Session expired

The server has moved on; the page needs a fresh start.